 Dungeon Sprint DCSS version 0.17-a0-1210-g1e4f09d (webtiles) character file.

2062 Kidiri the Covert (level 9, -1/50 HPs)
             Began as a Spriggan Assassin on June 3, 2015.
             Was a Believer of Dithmenos.
             Shot with an arrow by a centaur warrior (5 damage)
             ... in the Dungeon (Sprint I: "Red Sonja").
             The game lasted 00:09:05 (1074 turns).

Kidiri the Covert (Spriggan Assassin)               Turns: 1074, Time: 00:09:05

Health: -1/50      AC:  5    Str:  7      XL:     9   Next: 5%
Magic:  13/13      EV: 30    Int: 12 (13) God:    Dithmenos [**....]
Gold:   449        SH:  0    Dex: 20      Spells: 0 memorised, 8 levels left

rFire  . . .     SeeInvis +     b - +0 blowgun
rCold  . . .     Clarity  .     p - +2 robe {MR+}
rNeg   . . .     SustAt   .     (shield restricted)
rPois  .         Gourm    .     (helmet restricted)
rElec  .         Spirit   .     d - +0 cloak
rCorr  .         Warding  .     (gloves unavailable)
rMut   .         NoTele   +     (boots unavailable)
MR     ++...                    (no amulet)
Stlth  +++++++++.               (no ring)
                                (no ring)

@: wreathed by umbra, very quick, very resistant to hostile enchantments,
incredibly stealthy
A: unfitting armour, see invisible, herbivore 3, speed 3, screaming 1, slow
metabolism 2
a: Shadow Step, Renounce Religion


You were in the Dungeon.
You worshipped Dithmenos.
Dithmenos was pleased with you.
You were not hungry.

You visited 1 branch You collected 822 gold pieces.
You spent 373 gold pieces at shops.

Inventory:

Hand weapons
 a - a +2 dagger
 b - a +0 blowgun (weapon)
 o - a +0 short sword of draining
Missiles
 f - 14 poisoned needles (quivered)
Armour
 d - a +0 cloak (worn)
 p - a +2 robe of magic resistance (worn)
Scrolls
 m - a scroll of blinking
Potions
 e - 2 potions of brilliance {unknown}
 h - 4 potions of curing
 j - a potion of haste
 k - 3 potions of magic
 l - a potion of berserk rage
Comestibles
 g - 2 bread rations
 q - a royal jelly


   Skills:
 * Level 7.6 Fighting
 * Level 9.7 Short Blades
 * Level 10.1 Throwing
 * Level 12.4 Dodging
 * Level 14.3 Stealth
 + Level 4.6 Invocations


You had 8 spell levels left.
You didn't know any spells.

Dungeon Overview and Level Annotations

Branches:
Dungeon (1/1)

Altars:
Cheibriados
Dithmenos
Elyvilon
Fedhas
Gozag
Kikubaaqudgha
Makhleb
Nemelex Xobeh
Okawaru
Qazlal
Ru
Sif Muna
Trog
Vehumet
Xom
Yredelemnul
Zin
The Shining One
Jiyva

Shops:
D (![


Innate Abilities, Weirdness & Mutations

You are tiny and cannot use many weapons and most armour.
You have supernaturally acute eyesight.
You are a herbivore.
You cover ground extremely quickly.
You need consume almost no food.
You occasionally shout uncontrollably at your foes.


Message History

The poisoned needle hits the centaur warrior!
The centaur warrior is heavily wounded.
The centaur warrior shoots an arrow.
The arrow completely misses you.
Firing (i - inventory):
f - 15 poisoned needles (quivered)
Press: ? - help, Shift-Dir - straight line, f/p - centaur warrior
Aim: a centaur warrior, wielding a longbow (heavily wounded, slow, poisoned, umbra)
You shoot a poisoned needle.
The poisoned needle hits the centaur warrior!
The centaur warrior is heavily wounded.
The centaur warrior shoots an arrow.
The arrow hits you!!
* * * LOW HITPOINT WARNING * * *
Firing (i - inventory):
f - 14 poisoned needles (quivered)
Press: ? - help, Shift-Dir - straight line, f/p - centaur warrior
Aim: a centaur warrior, wielding a longbow (heavily wounded, slow, poisoned, umbra)
Okay, then.
The centaur warrior shoots an arrow.
The arrow misses you.
There is an open door here.
You see here an arrow.
The centaur warrior shoots an arrow.
The arrow hits you.
You die...

#.)+..#..').#..'..'..#)..#
#.J#####'#####'#__####...+
#..####..#...#(####?§#####
#..#__####..##c#§§§(§#
#.[#_..__##'#§c§§§§§.+
#⌠⌠#_.∩...'.§.§#§§§§§#
####_..._##_.#§##+###
#_____###(#(#(.(.###
############@####'###[##
#∩........'.).'.....'%∩#
###++++####...##########
###.### #.#'#.# #.....#
#.)...# #######


You could see a centaur warrior.

Vanquished Creatures
  Sonja (D)
  A deep troll (D)
  2 kobold demonologists (D)
  Sigmund (D)
  A yak (D)
  An ogre (D)
  Ijyb (D)
  A jelly (D)
  A giant eyeball (D)
  A giant spore (D)
  6 ballistomycetes (D)
17 creatures vanquished.

Vanquished Creatures (others)
  A gargoyle (D)
  A giant spore (D)
2 creatures vanquished.

Grand Total: 19 creatures vanquished

Notes
Turn   | Place    | Note
--------------------------------------------------------------
     0 | D        | Kidiri the Spriggan Assassin began the quest for the Orb.
     0 | D        | Reached XP level 1. HP: 10/10 MP: 2/2
     3 | D        | Noticed Ijyb
    22 | D        | Killed Ijyb
    22 | D        | Reached skill level 7 in Stealth
    22 | D        | Reached XP level 2. HP: 10/16 MP: 3/3
   142 | D        | Noticed an ogre
   160 | D        | Killed an ogre
   160 | D        | Reached skill level 5 in Throwing
   160 | D        | Reached skill level 8 in Stealth
   160 | D        | Reached XP level 3. HP: 19/21 MP: 4/4
   160 | D        | Reached XP level 4. HP: 22/25 MP: 5/5
   209 | D        | Noticed Sigmund
   223 | D        | Killed Sigmund
   223 | D        | Reached skill level 5 in Short Blades
   223 | D        | Reached skill level 10 in Stealth
   223 | D        | Reached XP level 5. HP: 28/30 MP: 6/6
   223 | D        | Reached XP level 6. HP: 32/35 MP: 7/7
   255 | D        | Found a deep blue altar of Sif Muna.
   256 | D        | Noticed a jelly
   257 | D        | Found a radiant altar of Vehumet.
   261 | D        | Killed a jelly
   298 | D        | Found a snail-covered altar of Cheibriados.
   298 | D        | Found a viscous altar of Jiyva.
   298 | D        | Found a shadowy altar of Dithmenos.
   298 | D        | Found a blossoming altar of Fedhas.
   298 | D        | Noticed a slime creature
   356 | D        | Became a worshipper of Dithmenos the Shadowed
   383 | D        | Found Firhuts's Distillery.
   383 | D        | Found a white marble altar of Elyvilon.
   383 | D        | Found a stormy altar of Qazlal.
   383 | D        | Found a burning altar of Makhleb.
   383 | D        | Found a sacrificial altar of Ru.
   383 | D        | Found a basalt altar of Yredelemnul.
   383 | D        | Found a glowing golden altar of the Shining One.
   383 | D        | Found a sparkling altar of Nemelex Xobeh.
   383 | D        | Found a shimmering altar of Xom.
   383 | D        | Found an opulent altar of Gozag.
   383 | D        | Found an ancient bone altar of Kikubaaqudgha.
   383 | D        | Found a glowing silver altar of Zin.
   383 | D        | Noticed a yak
   398 | D        | Killed a yak
   398 | D        | Reached skill level 5 in Fighting
   398 | D        | Reached skill level 11 in Stealth
   398 | D        | Reached skill level 1 in Invocations
   408 | D        | Found an iron altar of Okawaru.
   409 | D        | Found a bloodstained altar of Trog.
   413 | D        | Bought a potion of curing for 42 gold pieces
   413 | D        | Bought a potion of curing for 42 gold pieces
   413 | D        | Bought a potion of heal wounds for 70 gold pieces
   413 | D        | Bought a potion of curing for 42 gold pieces
   420 | D        | Noticed Sonja
   436 | D        | Killed Sonja
   436 | D        | Reached skill level 10 in Dodging
   436 | D        | Reached skill level 12 in Stealth
   436 | D        | Reached XP level 7. HP: 37/41 MP: 8/10
   469 | D        | Found Yjaub's Weapon Boutique.
   490 | D        | Noticed a deep troll
   494 | D        | Killed a deep troll
   494 | D        | Reached skill level 13 in Stealth
   494 | D        | Reached XP level 8. HP: 44/46 MP: 10/12
   504 | D        | Found Xewamo's Armour Emporium.
   508 | D        | Bought a +2 robe of magic resistance for 177 gold pieces
   753 | D        | Noticed a kobold demonologist
   754 | D        | Noticed a kobold demonologist
   760 | D        | Noticed an orange demon
   766 | D        | Noticed a smoke demon
   789 | D        | Killed a kobold demonologist
   789 | D        | Reached skill level 14 in Stealth
   791 | D        | Noticed a rust devil
   810 | D        | Gained mutation: You occasionally shout uncontrollably at your foes. [a neqoxec]
   818 | D        | Killed a kobold demonologist
   818 | D        | Acquired Dithmenos's first power
   818 | D        | Reached skill level 10 in Throwing
   818 | D        | Reached XP level 9. HP: 31/50 MP: 13/13
   855 | D        | Killed a gargoyle
  1051 | D        | Noticed a centaur warrior
  1053 | D        | Noticed a centaur warrior
  1074 | D        | Shot with an arrow by a centaur warrior

Vault maps used:
D:        dungeon_sprint_1

Action                   |  1- 3 |  4- 6 |  7- 9 || total
-------------------------+-------+-------+-------++-------
Melee: Dagger            |     2 |    12 |     5 ||    19
       Short sword       |       |       |   115 ||   115
 Fire: Blowgun           |    12 |    20 |    10 ||    42
  Use: Potion            |       |     1 |     5 ||     6
 Stab: Sleeping          |       |     1 |     1 ||     2
